 Dungeon Crawl Stone Soup version 0.21.1-1-g345015f (webtiles) character file.

6344 vatarom the Schismatic (level 10, -5/77 (78) HPs)
             Began as a Demonspawn Abyssal Knight on May 3, 2018.
             Was an Elder of Lugonu.
             Slain by a minotaur
             ... wielding a +4 short sword of holy wrath
              (10 damage)
             ... in a labyrinth.
             The game lasted 00:36:04 (12960 turns).

vatarom the Schismatic (Demonspawn Abyssal Knight) Turns: 12960, Time: 00:36:09

HP:   -5/77 (78)    AC:  6    Str: 15    XL:     10   Next: 64%
MP:   0/18          EV: 14    Int: 14    God:    Lugonu [****..]
Gold: 459           SH:  0    Dex: 15    Spells: 9/9 levels left

rFire    . . .     SeeInvis +   t - +0 scimitar (flame)
rCold    . . .     Gourm    .   (no shield)
rNeg     . . .     Faith    .   p - +0 ring mail
rPois    .         Spirit   +   (helmet unavailable)
rElec    .         Reflect  .   (no cloak)
rCorr    .         Harm     .   a - +0 pair of gloves
MR       .....                  (no boots)
Stlth    +.........             (no amulet)
HPRegen  0.22/turn              (no ring)
MPRegen  0.32/turn              (no ring)

@: very slightly contaminated, hasted, invisible, very quick
A: antennae 3, claws 2, see invisible, robust 1, spiny 1, strong 1, magic
shield, magic regeneration
a: Depart the Abyss, Bend Space, Banish, Corrupt, Renounce Religion


You were in a labyrinth.
You worshipped Lugonu.
Lugonu was greatly pleased with you.
You were not hungry.

You visited 3 branches of the dungeon, and saw 12 of its levels.
You visited the Abyss 1 time.
You also visited: Labyrinth and Ossuary.

You collected 459 gold pieces.

Inventory:

Hand Weapons
 t - a +0 scimitar of flaming (weapon)
Armour
 a - a +0 pair of gloves (worn)
 p - a +0 ring mail (worn)
Wands
 q - a wand of clouds (2)
 A - a wand of disintegration (13)
 B - a wand of iceblast (10)
 C - a wand of digging (10)
Scrolls
 b - a scroll of noise {unknown}
 e - 3 scrolls of amnesia
 f - 7 scrolls of remove curse
 h - 2 scrolls of fog
 i - a scroll of fear
 j - 2 scrolls of immolation
 k - 2 scrolls of teleportation
 l - a scroll of blinking {unknown}
 n - 2 scrolls of enchant armour {unknown}
 o - a scroll of enchant weapon {unknown}
 y - a scroll of identify
Potions
 d - 2 potions of flight {unknown}
 r - 3 potions of ambrosia
 u - 2 potions of agility
 w - 2 potions of cancellation {unknown}
 x - a potion of heal wounds
 z - 2 potions of curing
Books
 m - a book of the Warp

   Spells                             Type                      Level
   a - Gell's Gravitas                Translocation                3
   b - Portal Projectile              Hexes/Translocation          3
   c - Force Lance                    Conjuration/Translocation    4
   d - Dispersal                      Translocation                6
   e - Controlled Blink               Translocation                8
   f - Disjunction                    Translocation                8
Comestibles
 c - 9 rations


   Skills:
 * Level 4.1 Fighting
 + Level 10.5 Long Blades
 - Level 1.8 Armour
 - Level 6.3 Dodging
 - Level 0.9 Unarmed Combat
 + Level 11.4 Invocations


You had 9 spell levels left.
You didn't know any spells.

Dungeon Overview and Level Annotations

Branches:
Dungeon (10/15)            Temple (1/1) D:7            Lair (1/6) D:9
    Orc: D:9-12

Altars:
Elyvilon
Fedhas
Gozag
Makhleb
Zin

Annotations:
D:3 gloomy's ghost, amateur GrEE
D:4 Kelzor's ghost, amateur GrFi
D:7 Joseph; TinyReaver's ghost, novice OgBe
Abyss:1 Edmund; Grinder


Innate Abilities, Weirdness & Mutations

You have a pair of large antennae on your head. (SInv)
You have very sharp fingernails.
You are partially covered in sharp spines.
When hurt, damage is shared between your health and your magic reserves.
You regenerate magic rapidly.
You have supernaturally acute eyesight. (SInv)
You are robust. (+10% HP)
Your muscles are strong. (Str +2)


Message History

No exploration algorithm can help you here.
No exploration algorithm can help you here.
You feel a sudden draft!
A minotaur comes into view.
The minotaur picks up a runed short sword.
The minotaur wields a runed short sword.
It softly glows with a divine radiance!
Found one item.
Found an escape hatch in the ceiling.
You fade into invisibility!
You are very lightly contaminated with residual magic.
You feel yourself speed up.
The minotaur hits you with a short sword of holy wrath.
You convulse.
The minotaur gores you!
You slash the minotaur! You burn the minotaur.
The minotaur is lightly wounded.
The minotaur hits you with a short sword of holy wrath!!
You convulse!!!
* * * LOW HITPOINT WARNING * * *
The minotaur gores you!
You die...

####. . #
######## ###
.. #... ...#
#######.#.#
###.#.
#.........#.
...#
#@###########.
## #.H<..# # .
. #.##### ##
#. ..# ... #.#
# # #.. #.#
#.#


You could see a minotaur.

Vanquished Creatures
  Erica (D:8)
  The ghost of TinyReaver the Covert, a novice SpEn of Dithmenos (D:8)
  4 yaks (D:9)
  2 orc warriors
  4 porcupines
  3 sky beasts
  2 ice beasts
  A phantom (D:6)
  3 black bears
  A wolf (D:9)
  3 centaurs
  4 crocodiles (D:9)
  2 necrophages
  2 bullfrogs
  3 water moccasin zombies (Ossuary)
  A wyvern skeleton (D:7)
  A scorpion (D:4)
  A howler monkey (D:6)
  2 crimson imps
  A bullfrog zombie (D:8)
  A centaur zombie (D:9)
  3 bullfrog skeletons
  4 jellies (D:8)
  5 orc priests
  4 hounds
  3 orc wizards
  2 iguanas
  5 worker ants
  3 big kobold zombies (Ossuary)
  A hound zombie (D:8)
  2 mummies (Ossuary)
  Robin (D:3)
  A worker ant zombie (D:5)
  8 adders
  3 shadow imps (D:5)
  7 oozes
  13 adder zombies
  An adder skeleton (D:9)
  4 worms
  5 dart slugs
  2 leopard geckos (D:3)
  21 orcs
  5 giant cockroaches
  17 goblins
  10 hobgoblins
  2 jackals (D:1)
  4 quokkas
  2 ball pythons
  8 bats
  5 frilled lizards
  3 hobgoblin zombies (Ossuary)
  A jackal zombie (D:5)
  11 kobolds
  7 kobold zombies (Ossuary)
  A leopard gecko skeleton (D:4)
  7 orc zombies (Ossuary)
  6 rats
  4 plants (Lab)
234 creatures vanquished.

Vanquished Creatures (collateral kills)
  An orc warrior (D:9)
  A black bear (D:9)
2 creatures vanquished.

Vanquished Creatures (others)
  A two-headed ogre (D:10)
  The ghost of Cadaver the Covered, an amateur MiFi (D:5)
  An ogre (D:6)
  A leopard gecko (D:6)
  A giant cockroach (D:6)
  A quokka (D:6)
6 creatures vanquished.

Grand Total: 242 creatures vanquished

Notes
Turn   | Place    | Note
-------+----------+-------------------------------------------
     0 | Abyss:1  | vatarom the Demonspawn Abyssal Knight began the quest for the Orb.
     0 | Abyss:1  | Reached XP level 1. HP: 18/18 MP: 2/2
    17 | Abyss:1  | Found a corrupted altar of Lugonu.
    20 | D:1      | Escaped the Abyss
   461 | D:1      | Reached skill level 1 in Dodging
   486 | D:1      | Gained mutation: You have a pair of small antennae on your head. [demonic ancestry]
   486 | D:1      | Reached XP level 2. HP: 23/24 MP: 4/4
   612 | D:1      | Reached skill level 3 in Invocations
  1002 | D:1      | Gained mutation: You have a pair of antennae on your head. [demonic ancestry]
  1002 | D:1      | Reached XP level 3. HP: 29/29 MP: 5/5
  1396 | D:2      | Gained mutation: When hurt, damage is shared between your health and your magic reserves. [demonic ancestry]
  1396 | D:2      | Reached XP level 4. HP: 27/35 MP: 6/6
  1423 | D:2      | Reached ** piety under Lugonu
  1536 | D:2      | Reached skill level 4 in Invocations
  1764 | D:2      | Gained mutation: You have supernaturally acute eyesight. (SInv) [potion of mutation]
  1764 | D:2      | Gained mutation: Your muscles are strong. (Str +2) [potion of mutation]
  1764 | D:2      | Gained mutation: You are robust. (+10% HP) [potion of mutation]
  1764 | D:2      | Gained mutation: You have a pair of large antennae on your head. (SInv) [potion of mutation]
  2583 | D:3      | Noticed Robin
  2837 | D:3      | Noticed gloomy's ghost (amateur GrEE)
  2934 | D:2      | Reached XP level 5. HP: 15/45 MP: 2/8
  3401 | D:3      | Killed Robin
  3618 | D:4      | Found a blossoming altar of Fedhas.
  3699 | D:4      | Reached skill level 5 in Invocations
  3767 | D:4      | HP: 3/67 [poisoned by a scorpion]
  3775 | D:4      | HP: 2/45 [poisoned by a scorpion]
  3992 | D:4      | Noticed a sky beast
  4159 | D:3      | Gained mutation: You are partially covered in sharp spines. [demonic ancestry]
  4159 | D:3      | Reached XP level 6. HP: 13/51 MP: 5/10
  4685 | D:4      | Found a burning altar of Makhleb.
  4685 | D:4      | Noticed a cacodemon
  4803 | D:4      | Reached *** piety under Lugonu
  4995 | D:4      | Noticed Kelzor's ghost (amateur GrFi)
  5544 | D:5      | Entered Level 5 of the Dungeon
  5706 | D:5      | Noticed a sky beast
  5715 | D:5      | Killed a sky beast
  5715 | D:5      | Reached skill level 6 in Invocations
  5772 | D:5      | Gained mutation: You have sharp fingernails. [demonic ancestry]
  5772 | D:5      | Reached XP level 7. HP: 42/57 MP: 9/11
  5796 | D:5      | Noticed Cadaver's ghost (amateur MiFi)
  6226 | D:5      | Found a glowing silver altar of Zin.
  6308 | D:5      | Banished Cadaver's ghost
  6308 | D:5      | Reached skill level 5 in Long Blades
  6613 | D:5      | Noticed Edmund
  6623 | D:5      | Banished Edmund
  6833 | D:6      | Reached skill level 7 in Invocations
  6954 | D:6      | Gained mutation: You regenerate magic rapidly. [demonic ancestry]
  6954 | D:6      | Reached XP level 8. HP: 31/63 MP: 7/13
  7101 | D:6      | Found an opulent altar of Gozag.
  7196 | D:6      | Noticed Grinder
  7199 | D:6      | Banished Grinder
  7200 | D:6      | Found a white marble altar of Elyvilon.
  7812 | D:7      | Reached skill level 8 in Invocations
  7879 | D:7      | Noticed Joseph
  7890 | D:7      | HP: 3/63 [Joseph/uncursed quarterstaff (11)]
  8078 | D:7      | Reached skill level 5 in Dodging
  8326 | D:7      | Found a staircase to the Ecumenical Temple.
  8335 | Temple   | Entered the Ecumenical Temple
  8563 | D:7      | Noticed TinyReaver's ghost (novice OgBe)
  8620 | D:8      | Gained mutation: You have very sharp fingernails. [demonic ancestry]
  8620 | D:8      | Reached XP level 9. HP: 68/68 MP: 15/15
  8762 | D:8      | Noticed Erica
  8784 | D:8      | Killed Erica
  8784 | D:8      | Reached skill level 9 in Invocations
  9144 | D:8      | Found a sand-covered staircase.
  9154 | Ossuary  | Entered an ossuary
  9380 | Ossuary  | Reached **** piety under Lugonu
  9635 | D:8      | Noticed TinyReaver's ghost (novice SpEn)
  9649 | D:8      | Killed TinyReaver's ghost
  9649 | D:8      | Reached skill level 10 in Invocations
  9881 | D:8      | Reached XP level 10. HP: 61/76 MP: 14/17
 10422 | D:9      | Found a staircase to the Lair.
 10444 | D:9      | Reached skill level 10 in Long Blades
 10466 | D:9      | Reached skill level 11 in Invocations
 10597 | D:9      | Reached ***** piety under Lugonu
 10815 | D:10     | Entered Level 10 of the Dungeon
 10815 | D:10     | Noticed a two-headed ogre
 10818 | D:10     | Banished a two-headed ogre
 10921 | Lair:1   | Entered Level 1 of the Lair of Beasts
 10983 | Lair:1   | Found a labyrinth entrance.
 10987 | Lab      | Entered a labyrinth
 12957 | Lab      | Noticed a minotaur
 12958 | Lab      | Found the cursed necklace of Bloodlust {*Rage +Rage MR++ Int-3 Slay+6 *Curse}
 12960 | Lab      | Slain by a minotaur

Skill      XL: |  1  2  3  4  5  6  7  8  9 10 |
---------------+-------------------------------+-----
Long Blades    | 2 3 4 5 7 9 10 | 10.5
Dodging        | 1 2 3 4 5 6 |  6.3
Invocations    | 3 4 5 6 7 8 10 11 | 11.4
Fighting       | 4 |  4.1
Armour         | |  1.8
Unarmed Combat | |  0.9

Action                   |  1- 3 |  4- 6 |  7- 9 | 10-12 || total
-------------------------+-------+-------+-------+-------++-------
Melee: Falchion          |    81 |   258 |   181 |       ||   520
       Long sword        |       |       |    42 |       ||    42
       Scimitar          |       |       |   130 |   145 ||   275
       Punch             |       |       |     1 |     2 ||     3
Invok: Banish            |       |       |     5 |     3 ||     8
Evoke: Wand              |       |       |     1 |     8 ||     9
  Use: Potion            |     1 |     6 |     5 |     2 ||    14
       Scroll            |       |     6 |     5 |     2 ||    13
 Stab: Distracted        |       |       |     1 |       ||     1
       Confused          |       |       |       |     3 ||     3
  Eat: Chunk             |     1 |     6 |     4 |       ||    11
       Ration            |       |     3 |     4 |     2 ||     9
Armor: Leather armour    |    31 |    59 |    12 |       ||   102
       Skin              |       |     6 |     1 |       ||     7
       Ring mail         |       |       |    48 |    12 ||    60
Dodge: Dodged            |    55 |   166 |   213 |    50 ||   484
       Rpst.: Falchion   |    17 |    53 |    32 |       ||   102
       Long sword        |       |       |     6 |       ||     6
       Scimitar          |       |       |    26 |     9 ||    35
